 Dungeon Crawl Stone Soup version 0.31-a0-229-g1fc7ce93e2 (webtiles) character file.

Game seed: 15620828203218998009

128 qw the Shooter (level 4, -2/37 HPs)
             Began as a Minotaur Hexslinger on July 6, 2023.
             Slain by a gnoll bouda
             ... wielding a +0 club
              (9 damage)
             ... on level 4 of the Dungeon.
             The game lasted 00:01:00 (2507 turns).

qw the Shooter (Minotaur Hexslinger)                Turns: 2507, Time: 00:01:01

Health: -2/37      AC:  8    Str: 13    XL:     4   Next: 86%
Magic:  4/4        EV: 11    Int: 10    God:
Gold:   149        SH:  0    Dex: 14    Spells: 4/5 levels left

rFire   . . .        Y - +1 sling (flame)
rCold   . . .        (no shield)
rNeg    . . .        j - +0 ring mail
rPois   .            (helmet restricted)
rElec   .            (no cloak)
rCorr   .            c - +0 pair of gloves
SInv    .            d - +1 pair of boots
Will    .....        (no amulet)
Stlth   +            (no ring)
HPRegen 0.26/turn    (no ring)
MPRegen 0.09/turn

%: no passive effects
@: about to teleport
A: horns 2, retaliatory headbutt
a: no special abilities


You were on level 4 of the Dungeon.
You visited 1 branch of the dungeon, and saw 4 of its levels.

You collected 149 gold pieces.


Innate Abilities, Weirdness & Mutations

You have a pair of horns on your head.
You reflexively headbutt those who attack you in melee.


   Skills:
 - Level 2.6 Fighting
 - Level 5.1 Ranged Weapons
 + Level 0.3 Armour
 - Level 2.1 Dodging
 - Level 1.0 Spellcasting
 - Level 2.0 Hexes


You had 4 spell levels left.
You knew the following spells:

 Your Spells              Type           Power      Damage    Failure   Level
a - Slow                  Hex            16%        N/A       32%         1

Your spell library contained the following spells:

 Spells                   Type           Power      Damage    Failure   Level
 Inner Flame              Hex/Fire       2%         N/A       82%         3
 Portal Projectile        Hex/Tloc       4%         N/A       82%         3
 Cause Fear               Hex            2%         N/A       97%         4

Inventory:

Hand Weapons
 Y - a +1 sling of flaming (weapon)
Armour
 c - a +0 pair of gloves (worn)
 d - a +1 pair of boots (worn)
 j - a +0 ring mail (worn)
Scrolls
 f - a scroll of identify
 q - 2 scrolls of teleportation
Potions
 a - a potion of resistance
 e - a potion of curing
 g - a potion of might {unknown}
 i - a potion of enlightenment {unknown}
 l - a potion of mutation {unknown}
 n - a potion of haste
 o - a potion of berserk rage {unknown}

Dungeon Overview and Level Annotations

Branches:
Dungeon (4/15)
 Temple: D:4-7

Altars:


Message History

The goblin closely misses you.
You shoot a sling bullet.
The sling bullet hits the gnoll bouda but does no damage.
The gnoll bouda is lightly wounded.
The gnoll bouda gazes fiercely through you!
You feel your attacks grow feeble.
The gnoll bouda hits you but does no damage.
The goblin hits you with a +0 club.
You shoot a sling bullet. The sling bullet hits the gnoll bouda.
The sling bullet burns the gnoll bouda.
The gnoll bouda is moderately wounded.
The gnoll bouda closely misses you. The goblin closely misses you.
You shoot a sling bullet.
The sling bullet hits the gnoll bouda but does no damage.
The gnoll bouda is moderately wounded.
The gnoll bouda gazes fiercely through you!
You feel as though you will be weak longer.
The gnoll bouda hits you with a +0 club.
The goblin completely misses you.
The gnoll bouda hits you with a +0 club!
You shoot a sling bullet. The sling bullet hits the gnoll bouda.
The sling bullet burns the gnoll bouda.
The gnoll bouda is moderately wounded.
The goblin barely misses you.
An endoplasm comes into view.
The gnoll bouda hits you but does no damage.
The goblin hits you with a +0 club. The jelly barely misses you.
You shoot a sling bullet. The endoplasm quivers.
The sling bullet hits the gnoll bouda but does no damage.
The gnoll bouda is moderately wounded.
The gnoll bouda hits you with a +0 club.
The jelly hits you.
You are splashed with acid!
The goblin hits you but does no damage.
2507 ||| READING 3 scrolls of teleportation.
As you read the scroll of teleportation, it crumbles to dust.
You feel strangely unstable.
Your attacks no longer feel as feeble.
The gnoll bouda hits you with a +0 club!
You die...

..# .. ##. ..#
... .. #..
....#J ##..### .
....#.##.....#..
................
................
......J.<..#
#.#."g@...#
#..g...##
#..##### ...#
#.%. #... .P.
~~.


You could see a gnoll bouda, a jelly, an endoplasm and a goblin.

Vanquished Creatures
  An orc wizard (D:3)
  2 adders (D:2)
  2 worms
  A dart slug (D:1)
  7 orcs (D:3)
  6 ball pythons
  7 bats
  5 endoplasms
  3 giant cockroaches
  2 goblins
  10 hobgoblins
  3 jackals (D:3)
  7 kobolds
  3 quokkas
  2 frilled lizards
  2 rats
63 creatures vanquished.

Notes
Turn   | Place    | Note
-------+----------+-------------------------------------------
     0 | D:1      | qw the Minotaur Hexslinger began the quest for the Orb.
     0 | D:1      | Reached XP level 1. HP: 16/16 MP: 1/1
     0 | D:1      | 0 ||| qw: Version: 0.3-a-46-gb1f654a
     0 | D:1      | 0 ||| qw: Game counter: 1403
     0 | D:1      | 0 ||| qw: Melee chars always use a shield: true
     0 | D:1      | 0 ||| qw: God list: Okawaru
     0 | D:1      | 0 ||| qw: Allow faded altars: false
     0 | D:1      | 0 ||| qw: Do Orc after clearing Dungeon:15 true
     0 | D:1      | 0 ||| qw: Do second Lair branch before Depths: true
     0 | D:1      | 0 ||| qw: Lair rune preference: random
     0 | D:1      | 0 ||| qw: Goals: Normal
     0 | D:1      | 0 ||| PLANNING D:1-11
   174 | D:1      | Reached skill level 3 in Ranged Weapons
   200 | D:1      | Reached XP level 2. HP: 23/23 MP: 2/2
   382 | D:1      | 382 ||| FLEEEEING.
   383 | D:1      | 383 ||| FLEEEEING.
   564 | D:1      | 564 ||| UPGRADING to +0 pair of boots.
   569 | D:1      | 569 ||| UPGRADING to +0 leather armour.
   579 | D:1      | 579 ||| DROPPING +0 robe.
   580 | D:1      | 580 ||| READING scroll labelled WAKKOI JUELOYS.
   581 | D:1      | 581 ||| READING 2 scrolls labelled DOTEUG ZALI.
   582 | D:1      | 582 ||| READING scroll labelled SIFIBI VOULE.
   583 | D:1      | 583 ||| READING scroll labelled NOFURA LENYN.
   584 | D:1      | 584 ||| READING scroll labelled WYUHAI ZOSUME.
   585 | D:1      | 585 ||| READING scroll labelled VISKID DISEVA.
   589 | D:1      | 589 ||| READING scroll labelled DEASKYN ZUMIL.
   634 | D:1      | 634 ||| DROPPING scroll of poison.
   703 | D:2      | 703 ||| READING scroll of enchant armour.
   703 | D:2      | 703 ||| ENCHANTING +0 pair of boots.
   770 | D:2      | Reached XP level 3. HP: 29/29 MP: 3/3
  1011 | D:2      | Reached skill level 4 in Ranged Weapons
  1309 | D:2      | 1309 ||| READING scroll of brand weapon.
  1309 | D:2      | 1309 ||| BRANDING +1 sling of freezing.
  1455 | D:2      | 1455 ||| DRINKING 2 cyan potions.
  1475 | D:2      | 1475 ||| DRINKING 2 bubbling red potions.
  1476 | D:2      | 1476 ||| DRINKING 2 puce potions.
  1477 | D:2      | 1477 ||| READING 2 scrolls of identify.
  1477 | D:2      | 1477 ||| IDENTIFYING viscous ruby potion
  1478 | D:2      | 1478 ||| DROPPING potion of lignification.
  1627 | D:3      | Reached XP level 4. HP: 33/36 MP: 4/4
  1805 | D:3      | 1805 ||| FLEEEEING.
  1809 | D:3      | 1809 ||| FLEEEEING.
  1810 | D:3      | 1810 ||| FLEEEEING.
  1816 | D:3      | 1816 ||| FLEEEEING.
  1817 | D:3      | 1817 ||| FLEEEEING.
  1821 | D:3      | 1821 ||| FLEEEEING.
  1822 | D:3      | 1822 ||| FLEEEEING.
  1823 | D:3      | 1823 ||| FLEEEEING.
  1827 | D:3      | 1827 ||| FLEEEEING.
  1856 | D:3      | HP: 7/36 [something (4)]
  1859 | D:3      | 1859 ||| READING scroll of teleportation.
  1862 | D:3      | Reached skill level 5 in Ranged Weapons
  2442 | D:3      | 2442 ||| UPGRADING to +0 pair of gloves.
  2447 | D:3      | 2447 ||| UPGRADING to +0 ring mail.
  2457 | D:3      | 2457 ||| DROPPING +0 leather armour.
  2458 | D:3      | 2458 ||| READING scroll labelled BUANINWAHO.
  2459 | D:3      | 2459 ||| READING scroll labelled IPNORI XUZYORCH.
  2460 | D:3      | 2460 ||| READING scroll labelled GITWEC FUS.
  2461 | D:3      | 2461 ||| READING 2 scrolls of identify.
  2461 | D:3      | 2461 ||| IDENTIFYING coppery potion
  2462 | D:3      | 2462 ||| DROPPING potion of magic.
  2506 | D:4      | HP: 7/37 [acid (8)]
  2507 | D:4      | 2507 ||| READING 3 scrolls of teleportation.
  2507 | D:4      | Slain by a gnoll bouda

Levels and vault maps discovered:
D:1:      arrival_zaba_pyramid, layout_rooms, chequers_serial_rivers_small_3
D:2:      layout_loops_ring
D:3:      layout_loops_ring
D:4:      layout_cave_pools, serial_bayou_pond_b, minmay_quantized, uniq_sigmund

Skill      XL: |  1  2  3  4 |
---------------+-------------+-----
Ranged Weapons | 3 4 5 |  5.1
Fighting       | 2 |  2.6
Armour         | |  0.3
Dodging        | |  2.1
Spellcasting   | |  1.0
Hexes          | |  2.0

Action                     |  1- 3 |  4- 6 || total
---------------------------+-------+-------++-------
   Fire: Sling             |    99 |   107 ||   206
    Use: Scroll            |    10 |     6 ||    16
         Potion            |     3 |       ||     3
 Armour: Leather armour    |    12 |    27 ||    39
         Ring mail         |       |     3 ||     3
  Dodge: Dodged            |    21 |    41 ||    62

Table legend:
 A = Non-vault XP
 B = Vault XP
 C = Vault XP percentage of total XP
 D = Non-vault monster count
 E = Vault monster count
 F = Vault count percentage of total count
                 A         B        C        D         E       F
            +---------+---------+-------+---------+---------+-------
      Total |     180 |       3 |   1.6 |      61 |       2 |   3.2
            +---------+---------+-------+---------+---------+-------
        D:1 |      25 |       0 |   0.0 |      13 |       0 |   0.0
        D:2 |      58 |       0 |   0.0 |      18 |       0 |   0.0
        D:3 |      95 |       0 |   0.0 |      29 |       0 |   0.0
        D:4 |       2 |       3 |  60.0 |       1 |       2 |  66.7
            +---------+---------+-------+---------+---------+-------
